 Dungeon Crawl Stone Soup version 0.29.1-2-gbd0b4ee654 (webtiles) character file.

Game seed: 8133048980208985470

26 Descartes the Charlatan (level 2, -2/13 HPs)
             Began as a Spriggan Wanderer on Nov 18, 2022.
             Slain by Natasha (5 damage)
             ... on level 1 of the Dungeon.
             The game lasted 00:02:43 (1674 turns).

Descartes the Charlatan (Spriggan Wanderer)         Turns: 1674, Time: 00:02:43

Health: -2/13      AC:  2    Str:  7    XL:     2   Next: 89%
Magic:  5/5        EV: 16    Int: 15    God:
Gold:   62         SH:  0    Dex: 13    Spells: 4/4 levels left

rFire   . . .      SeeInvis +   a - +0 dagger
rCold   . . .      Faith    .   (no shield)
rNeg    . . .      Spirit   .   c - +0 robe
rPois   .          Reflect  .   (helmet restricted)
rElec   .          Harm     .   (no cloak)
rCorr   .          Rampage  .   (gloves unavailable)
Will    .....                   (boots unavailable)
Stlth   ++........              (no amulet)
HPRegen 0.04/turn               (no ring)
MPRegen 0.09/turn               (no ring)

@: slowed, quick
A: very small, no large weapons, unfitting armour, see invisible, speed 3
a: no special abilities


You were on level 1 of the Dungeon.
You visited 1 branch of the dungeon, and saw 2 of its levels.

You collected 62 gold pieces.

Inventory:

Hand Weapons
 a - a +0 dagger (weapon)
Armour
 c - a +0 robe (worn)
Scrolls
 b - a scroll of fear
 e - a scroll of identify {unknown}
 f - a scroll of vulnerability {unknown}
Miscellaneous
 d - a piece from Xom's chessboard (15/15) (quivered)


   Skills:
 + Level 0.6 Short Blades
 + Level 1.3 Throwing
 + Level 2.0 Dodging
 + Level 1.5 Stealth
 + Level 1.8 Spellcasting
 - Level 2.4 Summonings
 + Level 2.1 Translocations
 - Level 1.0 Invocations
 + Level 3.0 Evocations


You had 4 spell levels left.
You didn't know any spells.
Your spell library contained the following spells:

 Spells                   Type           Power      Damage    Failure   Level
 Summon Small Mammal      Summ           32%        N/A       9%          1
 Apportation              Tloc           14%        N/A       10%         1
 Gell's Gravitas          Tloc           7%         N/A       28%         3
 Summon Guardian Golem    Hex/Summ       4%         N/A       38%         3
 Summon Ice Beast         Ice/Summ       4%         N/A       80%         4


Dungeon Overview and Level Annotations

Branches:
Dungeon (2/15)

Altars:

Annotations:
D:1 Natasha


Innate Abilities, Weirdness & Mutations

You are very small and have problems with some larger weapons.
You are too small for most types of armour.
You have supernaturally acute eyesight. (SInv)
You cover ground extremely quickly. (Speed+++)


Message History

Natasha misses you.
You hit Natasha.
Natasha is moderately wounded.
Natasha claws you but does no damage.
You hit Natasha but do no damage.
Natasha is moderately wounded.
Natasha closely misses you. Natasha casts a spell at you.
The magic dart hits you!
Ouch! That really hurt!
* * * LOW HITPOINT WARNING * * *
You are too injured to fight recklessly!
You are too injured to fight recklessly!
You are too injured to fight recklessly!
You are too injured to fight recklessly!
You are too injured to fight recklessly!
You are too injured to fight recklessly!
You are too injured to fight recklessly!
You are too injured to fight recklessly!
You are too injured to fight recklessly!
You are too injured to fight recklessly!
You are too injured to fight recklessly!
Natasha misses you.
You climb upwards.
There is a stone staircase leading down here.
You hit Natasha.
Natasha is heavily wounded.
Natasha misses you.
Natasha extends her claws.
Natasha completely misses you.
You hit Natasha but do no damage.
Natasha is heavily wounded.
Natasha misses you.
You hit Natasha.
Natasha is heavily wounded.
Natasha claws you but does no damage. Natasha misses you.
You hit Natasha but do no damage.
Natasha is heavily wounded.
Natasha claws you.
You die...

#..........#
#..........#
####..........#
#..†..........#
#...#####.###.#
#...#####.# #.#
#......##.# #.#
####......##.###h#
..........'.....@#
#.........##.#####
..##########.#####
########.........#
.................#
.#######.........#
.# #............#
.# #...##########
+####...#


You could see Natasha.

Vanquished Creatures
  A dart slug (D:1)
  2 bats (D:1)
  4 endoplasms (D:1)
  2 giant cockroaches (D:1)
  3 hobgoblins (D:1)
  A ball python (D:1)
  2 frilled lizards (D:1)
  2 goblins (D:1)
  A kobold (D:1)
  5 rats (D:1)
23 creatures vanquished.

Vanquished Creatures (others)
  2 fungi (D:1)
2 creatures vanquished.

Grand Total: 25 creatures vanquished

Notes
Turn   | Place    | Note
-------+----------+-------------------------------------------
     0 | D:1      | Descartes the Spriggan Wanderer began the quest for the
                  | Orb.
     0 | D:1      | Descartes set off with the following items: a +0 dagger, a
                  | scroll of fear, a +0 robe, a piece from Xom's chessboard
                  | (15/15); and the following spells available to memorise:
                  | Summon Small Mammal, Apportation, Gell's Gravitas, Summon
                  | Guardian Golem, Summon Ice Beast.
     0 | D:1      | Reached XP level 1. HP: 9/9 MP: 3/3
   388 | D:1      | Reached skill level 1 in Stealth
   388 | D:1      | Reached XP level 2. HP: 5/13 MP: 3/5
   699 | D:1      | Found a faded altar of an unknown god.
  1041 | D:1      | Reached skill level 3 in Evocations
  1370 | D:2      | Noticed Natasha
  1674 | D:1      | Slain by Natasha

Illustrated notes

Levels and vault maps discovered:
D:1:      evilmike_arrival_crescent, layout_basic,
          dreamdust_ecumenical_altar_hidden_monk_grotto
D:2:      layout_loops_corners, kennysheep_generic_room_3, uniq_natasha

Skill      XL: |  1  2 |
---------------+-------+-----
Stealth        | 1 |  1.5
Evocations     | 3 |  3.0
Translocations | 2 |  2.1
Dodging        | 2 |  2.0
Short Blades   | |  0.6
Throwing       | |  1.3
Spellcasting   | |  1.8
Summonings     | |  2.4
Invocations    | |  1.0

Action                   || total
-------------------------++-------
Melee: Dagger            ||   130
       Punch             ||     1
 Stab: Sleeping          ||     2
Armor: Robe              ||    21
Dodge: Dodged            ||   111
